Map: Prion Terraces

Players

MMA - Winner!

  • Race: Terran Terran

FireCake

  • Race: Zerg Zerg
  • League: Grandmaster

Event: Homestory Cup XII

VOD

Have the link to the VOD?

Description

Time

  • Played on: Dec. 20, 2015, 5:23 p.m.
  • Length: 15:52

All games in this series

Show
View Real Time Build Order
Export as new Build Order

MMA Terran - Winner!

Build Orders: MMM Bio 

Get SALT Encoding   

  12  0:00  SCV  
  13  0:12  SCV  
  14  0:17  Supply Depot  
  14  0:24  SCV  
  15  0:30  Refinery  
  15  0:38  SCV  
  16  0:45  Barracks  
  16  0:50  SCV  
  17  1:03  Barracks  
  17  1:05  SCV  
  18  1:17  SCV  
  19  1:23  Barracks  
  19  1:32  Reaper  
  20  1:38  Orbital Command  
  20  1:50  Supply Depot, Reaper  
  21  1:55  Refinery  
  21  2:04  SCV  
  21  2:05  Reaper  
  23  2:12  Reaper  
  24  2:16  SCV  
  25  2:23  Reaper  
  25  2:28  SCV  
  27  2:38  Reaper  
  27  2:40  SCV  
  29  2:45  Supply Depot  
  29  2:53  Reaper  
  29  2:56  Reaper  
  31  3:01  Command Center  
  31  3:11  Reaper  
  32  3:15  SCV  
  32  3:18  Supply Depot  
  33  3:25  Reaper  
  34  3:27  SCV  
  34  3:28  Reaper  
  35  3:44  Reaper  
  35  3:48  Command Center  
  33  3:57  SCV  
  35  4:03  Reaper  
  35  4:05  Barracks Tech Lab  
  35  4:07  Bunker  
  35  4:09  SCV  
  36  4:14  Factory  
  36  4:21  SCV  
  32  4:32  Orbital Command  
  32  4:33  SCV  
  32  4:35  Stimpack, Marine  
  34  4:41  Barracks Reactor  
  34  4:44  Barracks Reactor  
  34  4:46  SCV  
  34  4:49  Supply Depot  
  35  4:53  Marine  
  35  4:58  SCV  
  37  5:00  SCV  
  38  5:10  Orbital Command  
  38  5:11  Factory Reactor, Starport, Marine  
  39  5:14  SCV x2  
  39  5:18  Marine x2  
  39  5:20  Marine x2  
  45  5:26  Refinery x2  
  45  5:28  SCV x2  
  47  5:30  Marine  
  48  5:36  Marine  
  48  5:37  Marine  
  48  5:39  Marine  
  48  5:40  Marine  
  51  5:43  SCV x3  
  51  5:48  Marine  
  51  5:49  Engineering Bay  
  55  5:53  Engineering Bay  
  55  5:56  SCV x3  
  58  6:00  Medivac  
  58  6:01  Medivac  
  62  6:08  SCV  
  62  6:09  SCV  
  64  6:11  Marine x4  
  64  6:12  Marine  
  64  6:14  Factory Tech Lab  
  64  6:18  Terran Infantry Weapons Level 1  
  69  6:19  Supply Depot  
  69  6:21  Orbital Command  
  69  6:22  SCV  
  69  6:23  SCV  
  69  6:25  Terran Infantry Armor Level 1  
  71  6:29  Marine x2  
  71  6:31  Marine, Marauder  
  71  6:32  Marine  
  77  6:35  Medivac  
  77  6:37  Medivac  
  79  6:41  SCV x2  
  79  6:43  Siege Tank  
  84  6:48  SCV  
  84  6:53  Marine x4  
  89  6:54  Marine  
  89  6:58  SCV x2  
  89  7:00  SCV  
  93  7:07  Supply Depot  
  92  7:11  Marine  
  92  7:18  Siege Tank  
  92  7:20  Supply Depot, Combat Shields  
  91  7:23  Barracks  
  91  7:24  Barracks  
  91  7:26  Marine x2  
  91  7:27  Bunker  
  91  7:28  Bunker, Marine  
  91  7:29  Marauder  
  96  7:35  Medivac x2  
  100  7:37  SCV  
  100  7:41  SCV x2, Bunker  
  100  7:42  Supply Depot  
  100  7:43  Supply Depot  
  103  7:50  SCV, Marine x4  
  108  7:57  Armory  
  108  7:58  SCV  
  108  8:03  Supply Depot  
  108  8:04  SCV, Siege Tank, Marauder  
  115  8:07  Liberator  
  115  8:09  Marine x4  
  115  8:12  Barracks Reactor x2  
  119  8:13  Supply Depot  
  119  8:14  Supply Depot  
  119  8:16  SCV  
  119  8:17  SCV x2, Refinery  
  119  8:19  Refinery  
  125  8:27  Supply Depot  
  125  8:28  Supply Depot  
  125  8:30  Supply Depot  
  125  8:31  SCV x3  
  128  8:39  Concussive Shells  
  128  8:44  Marauder, Marine x4  
  128  8:45  Siege Tank  
  136  8:49  Marine x3  
  136  8:53  Supply Depot, Terran Infantry Weapons Level 2, Medivac  
  141  9:01  Terran Infantry Armor Level 2  
  141  9:03  Marine x2  
  141  9:04  Marine x2  
  141  9:05  Marine  
  141  9:06  Marine, Marauder  
  149  9:22  Marine x4  
  149  9:23  Marine x2  
  158  9:24  Siege Tank  
  158  9:27  Marauder  
  160  9:36  Marine x2  
  160  9:38  Missile Turret  
  162  9:40  Marine x2  
  162  9:42  Factory  
  162  9:44  Barracks x3  
  164  9:49  Marauder  
  164  9:51  Supply Depot  
  164  9:52  Terran Vehicle Weapons Level 1  
  166  9:56  Siege Tank  
  169  10:00  Marine x8  
  177  10:07  Supply Depot x2  
  177  10:10  Marauder  
  178  10:18  Marine x2  
  180  10:24  Sensor Tower, Marine x6  
  180  10:25  Medivac  
  180  10:26  Factory Tech Lab  
  188  10:32  Marauder  
  190  10:35  Marine x2  
  188  10:53  Marauder  
  188  10:55  Command Center  
  190  10:58  Barracks Tech Lab x2  
  190  11:00  Command Center, Barracks Tech Lab  
  190  11:01  Command Center  
  190  11:12  Terran Infantry Weapons Level 3  
  190  11:30  Marine x4  
  190  11:32  Marauder x2  
  194  11:40  Siege Tank  
  194  11:43  Marine x4  
  194  11:45  Marauder x2  
  195  11:47  Terran Infantry Armor Level 3  
  195  11:51  Viking x2  
  186  12:29  Marine x8  
  170  12:31  Marauder x2  
  160  12:39  Marine x2  
  145  12:49  Medivac  
  145  12:50  Marine x2  
  128  12:51  Marine x2  
  128  12:53  Marine  
  128  12:58  Viking  
  124  13:00  Marine x3  
  124  13:03  Marauder x2, Orbital Command  
  124  13:05  Marauder  
  130  13:07  Marine  
  130  13:08  Marine  
  132  13:19  Viking  
  134  13:22  Marine x7  
  134  13:25  Marine, Marauder x2  
  146  13:27  Marine x2  
  148  13:40  Marine x5  
  153  13:41  Marine x2  
  153  13:46  Marine x3  
  153  13:48  Medivac  
  159  13:56  Marine  
  159  13:57  Marine  
  159  13:58  Marine  
  157  14:03  Marine x3  
  157  14:05  Marine x2  
  157  14:06  Marine  
  157  14:09  Marine x2  
  159  14:15  Planetary Fortress  
  158  14:23  Marine  
  158  14:24  Marine x2  
  160  14:26  Marauder  
  160  14:30  Marauder x2  
  159  14:33  Medivac x2  
  163  14:42  Planetary Fortress  
  155  14:54  Marauder x2  
  155  14:55  Marine x6  
  155  14:56  Marine  
  155  14:57  Marine  
  155  14:59  Marine x2  
  164  15:03  Medivac x2  
  157  15:12  Marine x2  
  157  15:13  Marine x2  
  157  15:14  Marine x4  
  151  15:15  Marauder x2  
  151  15:17  Marine x2  
  142  15:30  Marine x2  
  142  15:31  Marine x4  
  142  15:32  Marine x2  
  135  15:40  Missile Turret  
Show
View Real Time Build Order
Export as new Build Order

FireCake Zerg 

Build Orders: Hatch First 

Get SALT Encoding   

  12  0:00  Drone  
  13  0:07  Drone  
  14  0:16  Overlord  
  14  0:24  Extractor  
  14  0:25  Drone  
  15  0:35  Drone x2  
  17  0:51  Hatchery  
  17  0:54  Drone  
  17  0:57  Drone  
  18  1:09  Extractor  
  17  1:12  Spawning Pool  
  17  1:15  Drone  
  17  1:18  Drone  
  18  1:26  Drone  
  19  1:38  Overlord  
  19  1:49  Drone  
  20  1:58  Drone  
  20  1:59  Queen  
  23  2:03  Zergling x2, Queen  
  26  2:09  Metabolic Boost  
  26  2:11  Drone  
  27  2:17  Drone  
  28  2:29  Hatchery  
  27  2:32  Drone  
  27  2:33  Drone  
  28  2:38  Evolution Chamber  
  28  2:45  Drone x3  
  28  2:50  Overlord  
  31  3:02  Queen  
  33  3:06  Zergling x6  
  33  3:14  Zergling x10  
  38  3:24  Zergling x8  
  37  3:38  Zergling x4  
  35  3:46  Drone  
  35  3:47  Drone x2  
  38  3:55  Drone  
  38  3:56  Drone x4  
  38  4:02  Overlord  
  42  4:04  Queen  
  42  4:06  Drone  
  45  4:13  Evolution Chamber  
  44  4:17  Zergling x2  
  44  4:18  Zergling x4  
  42  4:29  Drone  
  42  4:30  Drone x5  
  47  4:35  Drone x3  
  51  4:38  Drone x2  
  52  4:47  Drone  
  52  4:48  Drone x3  
  55  5:05  Drone x4  
  58  5:08  Overlord  
  58  5:09  Overlord  
  58  5:10  Overlord  
  58  5:13  Extractor  
  58  5:14  Extractor x2  
  56  5:17  Roach Warren  
  54  5:24  Evolution Chamber  
  54  5:27  Evolution Chamber  
  52  5:29  Zergling x2  
  52  5:30  Zergling x4  
  52  5:31  Drone x8  
  62  5:44  Drone x5  
  62  5:48  Extractor  
  66  5:53  Zerg Missile Weapons Level 1  
  66  5:54  Drone x3  
  69  5:58  Zerg Ground Armor Level 1  
  69  6:04  Overlord x2  
  69  6:07  Drone x2  
  69  6:08  Lair  
  71  6:11  Extractor  
  71  6:14  Overlord  
  71  6:15  Overlord  
  71  6:17  Drone x4  
  74  6:32  Overlord  
  74  6:38  Roach  
  74  6:39  Roach x6  
  88  6:46  Spine Crawler  
  87  6:48  Roach x4  
  87  6:49  Roach x5  
  87  6:52  Spine Crawler  
  87  6:53  Overlord  
  104  7:05  Roach  
  104  7:06  Glial Reconstitution, Roach x2  
  109  7:11  Roach  
  109  7:12  Roach x5  
  115  7:23  Roach x2  
  115  7:24  Roach x4  
  127  7:30  Overlord x2  
  127  7:36  Overlord x3  
  125  7:49  Zerg Missile Weapons Level 2  
  125  7:53  Drone x3  
  125  7:55  Zerg Ground Armor Level 2  
  125  7:56  Hatchery  
  125  8:06  Infestation Pit  
  124  8:14  Overlord  
  124  8:15  Roach x6  
  137  8:20  Drone x2  
  138  8:27  Overlord  
  138  8:28  Overlord x2  
  138  8:41  Drone x3  
  141  8:42  Spire  
  141  8:43  Hive  
  140  8:49  Infestor x2  
  140  8:50  Infestor  
  140  8:53  Overlord  
  140  8:54  Roach x2  
  140  8:55  Roach  
  152  9:20  Roach x8  
  152  9:22  Overlord  
  152  9:23  Drone x5  
  173  9:25  Extractor  
  173  9:26  Extractor  
  171  9:40  Ravager  
  171  9:41  Ravager x3  
  171  9:42  Spore Crawler  
  171  9:45  Spore Crawler  
  172  9:57  Corruptor, Greater Spire  
  172  9:58  Corruptor x3  
  180  10:14  Corruptor x3  
  180  10:17  Drone x4  
  180  10:19  Extractor  
  189  10:21  Spine Crawler  
  189  10:22  Spore Crawler, Spine Crawler  
  185  10:54  Queen x3  
  191  11:13  Queen  
  191  11:16  Overlord x2  
  191  11:36  Brood Lord x3  
  191  11:37  Brood Lord  
  199  11:58  Spine Crawler  
  199  11:59  Spine Crawler  
  199  12:00  Spine Crawler x3  
  199  12:01  Brood Lord  
  199  12:02  Brood Lord x2  
  196  12:10  Zerg Ground Armor Level 3, Hydralisk Den, Zerg Missile Weapons Level 3  
  196  12:11  Zerg Flyer Weapons Level 1  
  179  12:29  Roach x8  
  191  12:30  Roach x9  
  177  12:39  Hydralisk x7  
  183  12:50  Roach  
  183  12:51  Roach x4  
  139  13:09  Corruptor x4  
  140  13:44  Brood Lord x4  
  148  13:49  Hydralisk x4  
  146  14:07  Hydralisk x5  
  152  14:14  Viper x2  
  152  14:15  Viper  
  151  14:31  Roach x6  
  153  14:44  Roach  
  153  14:45  Roach x3  
  142  15:01  Hydralisk x5  
  148  15:19  Hydralisk x3  
Tags
 
Add a new tag
Caveats
  • Supply blocks, unpowered buildings, or Contaminate may cause inaccurate times.
  • Supply counts are checked every 10 seconds.